 Dungeon Crawl Stone Soup version 0.24.1-8-ga250c9d538 (webtiles) character file.

Game seed: 9460767932913046014, levelgen mode: deterministic

1209 Hugehornet the Insei (level 8, -7/48 HPs)
             Began as an Octopode Transmuter on May 5, 2020.
             Mangled by a gnoll sergeant
             ... wielding a +1 spear of venom
              (8 damage)
             ... on level 6 of the Dungeon.
             The game lasted 00:15:06 (5878 turns).

Hugehornet the Insei (Octopode Transmuter)          Turns: 5878, Time: 00:15:08

Health: -7/48      AC:  5    Str:  9    XL:     8   Next: 45%
Magic:  8/13       EV: 19    Int: 18    God:
Gold:   302        SH:  0    Dex: 17    Spells: 7/14 levels left

rFire    . . .     SeeInvis .     - Unarmed
rCold    . . .     Gourm    .   (shield currently unavailable)
rNeg     + . .     Faith    .   (helmet currently unavailable)
rPois    x         Spirit   .   (no amulet)
rElec    .         Reflect  .   d - +3 ring of protection
rCorr    .         Harm     .   l - ring of positive energy
MR       .....     Clarity  +   (no ring)
Stlth    +++.......             (no ring)
HPRegen  0.16/turn              (no ring)
MPRegen  0.13/turn              (no ring)
                                (no ring)
                                (no ring)

@: lethally poisoned (-7 -> -62), confusing touch, spider-form, very slightly
contaminated
A: tiny, almost no armour, stealthy swim, (amphibious), 8 rings, (constrict 8),
clarity
a: End Transformation


You were on level 6 of the Dungeon.
You were hungry.
You were a venomous arachnid creature.
You visited 1 branch of the dungeon, and saw 6 of its levels.

You collected 302 gold pieces.

Inventory:

Missiles
 a - 116 arrows
Jewellery
 d - a +3 ring of protection (left front leg)
 l - a ring of positive energy (right front leg)
 o - an uncursed ring of fire
Scrolls
 f - 2 scrolls of teleportation
 g - 5 scrolls of remove curse
 h - 4 scrolls of fog
 i - 2 scrolls of enchant weapon
 j - a scroll of identify
 k - 2 scrolls of amnesia
 q - a scroll of fear {unknown}
Potions
 b - a potion of invisibility
 e - 3 potions of curing
 m - a potion of brilliance
 n - a potion of lignification
 p - a potion of cancellation {unknown}
 r - a potion of degeneration {unknown}
Comestibles
 c - 5 rations


   Skills:
 - Level 1.0 Fighting
 - Level 2.0 Dodging
 + Level 4.7 Stealth
 * Level 7.5 Unarmed Combat
 + Level 3.7 Spellcasting
 - Level 1.0 Hexes
 - Level 5.0 Transmutations
 - Level 1.0 Poison Magic


You had 7 spell levels left.
You knew the following spells:

 Your Spells              Type           Power        Failure   Level  Hunger
a - Beastly Appendage     Tmut           ###...       8%          1    None
b - Sticks to Snakes      Tmut           ###.....     11%         2    ##.....
c - Spider Form           Tmut/Pois      ##........   30%         3    ###....
d - Confusing Touch       Hex            #.....       24%         1    None

Your spell library contained the following spells:

 Spells                   Type           Power        Failure   Level  Hunger
 Animate Skeleton         Necr           N/A          34%         1    None
 Apportation              Tloc           #.....       34%         1    None
 Summon Small Mammal      Summ           #...         34%         1    None
 Ice Form                 Ice/Tmut       ##......     69%         4    ####...
 Blade Hands              Tmut           ###.......   69%         5    ######.


Dungeon Overview and Level Annotations

Branches:
Dungeon (6/15)
 Temple: D:4-7

Altars:
Qazlal
Sif Muna

Shops:
D:4 (

Annotations:
D:6 3 runed translucent doors, Hugehornet's ghost, novice GrFi


Innate Abilities, Weirdness & Mutations

You cannot wear most types of armour.
You are very stealthy in the water. (Stealth+)
((You are amphibious.))
You can wear up to eight rings at the same time.
((You can use your tentacles to constrict eight enemies at once.))
((Your skin changes colour to match your surroundings (Stealth+).))
((Your rubbery body absorbs attacks. (AC +1, EV +1)))
((You have a pair of small antennae on your head.))
You possess an exceptional clarity of mind.


Message History

You miscast Confusing Touch.
You are very lightly contaminated with residual magic.
Multicoloured lights dance before your eyes!
You feel sick.
The gnoll sergeant hits you but does no damage.
You are lethally poisoned!
The gnoll hits you with a +0 halberd.
Casting: Confusing Touch (safe; 24% risk of failure)
Confirm with . or Enter, or press ? or * to list all spells.
Your front legs begin to glow red.
You feel sick.
The gnoll sergeant hits you from afar with a +1 spear of venom!
* * * LOW HITPOINT WARNING * * *
You are more poisoned.
You hit the gnoll but do no damage.
* * * LOW HITPOINT WARNING * * *
You feel very sick. The gnoll hits you with a +0 halberd.
* * * LOW HITPOINT WARNING * * *
The gnoll sergeant hits you from afar with a +1 spear of venom!
You die...

## ..#. #. .### ..
..# # #. ##.###.# #.
....#.# #g###...!.#
. #..sgg#.### ...###
.......###.....#
#....#########
##.##.# ######.# #.#
#..# .g .......##
##.## ##..# g#
##......# #...#
#..## #
......#.###.#.###.##
......#..#..#..#..#
.#.#'###...###...##


You could see a gnoll sergeant and 2 gnolls.

Vanquished Creatures
  Duvessa (D:6)
  An ice beast (D:6)
  Blork the orc (D:5)
  A bullfrog (D:6)
  Dowan (D:6)
  A bullfrog zombie (D:4)
  A crimson imp (D:5)
  Crazy Yiuf (D:5)
  2 orc priests (D:4)
  4 hounds
  A centaur skeleton (D:6)
  An iguana (D:4)
  2 worker ants
  4 orc wizards
  A hound skeleton (D:4)
  6 gnolls
  8 adders
  3 shadow imps
  2 worms (D:2)
  A dart slug (D:3)
  5 leopard geckos
  17 orcs
  6 bats
  3 giant cockroaches
  6 goblins
  2 hobgoblins
  5 jackals
  4 quokkas
  3 ball pythons
  7 frilled lizards
  5 kobolds
  2 leopard gecko skeletons
  8 rats
116 creatures vanquished.

Vanquished Creatures (collateral kills)
  Eustachio (D:5)
1 creature vanquished.

Grand Total: 117 creatures vanquished

Notes
Turn   | Place    | Note
-------+----------+-------------------------------------------
     0 | D:1      | Hugehornet the Octopode Transmuter began the quest for the
                  | Orb.
     0 | D:1      | Reached XP level 1. HP: 13/13 MP: 3/3
   148 | D:1      | Reached XP level 2. HP: 12/18 MP: 3/5
   152 | D:1      | Learned a level 2 spell: Sticks to Snakes
   533 | D:1      | Reached XP level 3. HP: 22/23 MP: 6/6
   538 | D:1      | Learned a level 3 spell: Spider Form
  1384 | D:2      | Reached XP level 4. HP: 24/28 MP: 5/7
  1439 | D:2      | Reached skill level 1 in Poison Magic
  1722 | D:2      | Found a stormy altar of Qazlal.
  2189 | D:3      | Reached XP level 5. HP: 22/33 MP: 4/8
  2199 | D:3      | Reached skill level 4 in Unarmed Combat
  2409 | D:3      | Gained mutation: You are weak. (Str -2) [potion of
                  | mutation]
  2409 | D:3      | Gained mutation: You possess an exceptional clarity of
                  | mind. [potion of mutation]
  2410 | D:3      | Lost mutation: You are weak. (Str -2) [potion of mutation]
  2410 | D:3      | Lost mutation: You possess an exceptional clarity of mind.
                  | [potion of mutation]
  2410 | D:3      | Gained mutation: You have a pair of small antennae on your
                  | head. [potion of mutation]
  2410 | D:3      | Gained mutation: You possess an exceptional clarity of
                  | mind. [potion of mutation]
  3053 | D:4      | Reached XP level 6. HP: 38/38 MP: 5/9
  3162 | D:4      | Reached skill level 5 in Transmutations
  3284 | D:4      | Reached skill level 5 in Unarmed Combat
  3342 | D:4      | Found Enezulast's Antique Weapon Shoppe.
  3805 | D:4      | Reached skill level 1 in Stealth
  3960 | D:4      | Reached XP level 7. HP: 31/43 MP: 8/10
  4272 | D:5      | Entered Level 5 of the Dungeon
  4272 | D:5      | Noticed Blork the orc
  4282 | D:5      | Killed Blork the orc
  4282 | D:5      | Reached skill level 6 in Unarmed Combat
  4361 | D:5      | Noticed Eustachio
  4410 | D:5      | Found a shimmering blue altar of Sif Muna.
  4425 | D:5      | Killed Eustachio
  4905 | D:5      | Found a runed translucent door.
  4906 | D:5      | Noticed Crazy Yiuf
  4918 | D:5      | Killed Crazy Yiuf
  5355 | D:5      | Learned a level 1 spell: Confusing Touch
  5372 | D:6      | Reached skill level 1 in Hexes
  5372 | D:6      | Reached XP level 8. HP: 37/48 MP: 7/12
  5442 | D:6      | Noticed Hugehornet's ghost (novice GrFi)
  5443 | D:6      | Found a runed translucent gate.
  5444 | D:6      | Found a runed translucent gate.
  5444 | D:6      | Found a runed translucent gate.
  5454 | D:6      | Reached skill level 7 in Unarmed Combat
  5480 | D:6      | Noticed Dowan
  5482 | D:6      | Noticed Duvessa
  5495 | D:6      | Killed Dowan
  5503 | D:6      | Killed Duvessa
  5878 | D:6      | HP: 1/48 [gnoll/+0 halberd (5)]
  5878 | D:6      | Mangled by a gnoll sergeant

Levels and vault maps discovered:
D:1:      eino_arrival_water_star, layout_loops_ring
D:2:      layout_rooms, grunt_qazlal_sundering
D:3:      layout_loops_ring
D:4:      layout_loops_ring, serial_shops, nicolae_shop_waterfront
D:5:      layout_cave_pools, first_ration, basic_altar, uniq_eustachio,
          uniq_crazy_yiuf_cottage, uniq_blork_the_orc
D:6:      layout_basic, nicolae_overflow_quartered_altars, serial_curves,
          eino_curves_04, eino_curves_02, eino_curves_03, eino_curves_03,
          gammafunk_ghost_split, serial_shops, nicolae_shop_stone, uniq_duvessa,
          uniq_menkaure

Skill      XL: |  1  2  3  4  5  6  7  8 |
---------------+-------------------------+-----
Transmutations | 3 4 5 |  5.0
Poison Magic   | 1 |  1.0
Unarmed Combat | 4 5 6 7 |  7.5
Stealth        | 1 3 4 |  4.7
Spellcasting   | 3 |  3.7
Hexes          | 1 |  1.0
Fighting       | |  1.0
Dodging        | |  2.0

Action                   |  1- 3 |  4- 6 |  7- 9 || total
-------------------------+-------+-------+-------++-------
Melee: Unarmed           |    70 |   166 |   123 ||   359
       Constrict         |    18 |    25 |    12 ||    55
       Kick              |    16 |    31 |    18 ||    65
       Tentacles         |     8 |     9 |     8 ||    25
       Punch             |       |     4 |     3 ||     7
 Cast: Beastly Appendage |    20 |    32 |    12 ||    64
       Spider Form       |       |     8 |    10 ||    18
       Sticks to Snakes  |       |       |     4 ||     4
       Confusing Touch   |       |       |     5 ||     5
 Abil: End Transformatio |       |     2 |     1 ||     3
  Use: Scroll            |       |     9 |     1 ||    10
       Potion            |       |     2 |     1 ||     3
 Stab: Sleeping          |     7 |     5 |     1 ||    13
       Confused          |       |       |     3 ||     3
  Eat: Chunk             |     2 |     5 |     8 ||    15
       Ration            |       |     1 |       ||     1
Armor: Skin              |     4 |    17 |     9 ||    30
Dodge: Dodged            |    56 |    91 |    81 ||   228
